 Dungeon Crawl Stone Soup version 0.20-a0-522-g0b37eee (webtiles) character file.

32176 Lahna the Unseen (level 13, -20/66 HPs)
             Began as a Felid Berserker on Jan 25, 2017.
             Was the Champion of Trog.
             Demolished by an orc knight
             ... wielding a +0 battleaxe
              (44 damage)
             ... on level 2 of the Orcish Mines.
             The game lasted 00:59:09 (28112 turns).

Lahna the Unseen (Felid Berserker)                 Turns: 28112, Time: 00:59:10

Health: -20/66     AC:  7    Str: 15    XL:     13   Next: 30%
Magic:  16/16      EV: 33    Int: 13    God:    Trog [******]
Gold:   1749       SH:  0    Dex: 20    Spells: 12/12 levels left
                                        Lives:  0   Deaths: 4

rFire    . . .     SeeInvis +     - Unarmed
rCold    + + .     Gourm    .   (armour unavailable)
rNeg     . . .     Faith    .   (shield unavailable)
rPois    .         Spirit   .   (helmet unavailable)
rElec    .         Reflect  .   (cloak unavailable)
rCorr    .         Harm     +   (gloves unavailable)
MR       +....                  (boots unavailable)
Stlth    +++++++...             P - amulet of harm
Regen    0.3/turn               A - +4 ring of protection
                                N - ring of Peto {+Inv rC+ Str+2 Int+4}

@: quick
A: no armour, no weapons or thrown items, stealth, claws 1, fangs 3, see
invisible, carnivore 3, speed 1, shaggy fur 3, slow metabolism 1, sharp paws
a: Berserk, Trog's Hand, Brothers in Arms, Burn Spellbooks, Renounce Religion,
Evoke Invisibility


You were on level 2 of the Orcish Mines.
You worshipped Trog.
Trog was exalted by your worship.
You were completely stuffed.

You visited 3 branches of the dungeon, and saw 22 of its levels.

You collected 1809 gold pieces.
You spent 60 gold pieces at shops.

Inventory:

Jewellery
 i - an uncursed amulet of guardian spirit
 y - an uncursed ring of protection from fire
 z - an uncursed ring of protection from fire
 A - a +4 ring of protection (right paw)
 K - an uncursed ring of protection from magic
 N - the ring of Peto (left paw) {+Inv rC+ Str+2 Int+4}
   (You found it on level 6 of the Lair of Beasts)

   [ring of protection from cold]

   It affects your strength (+2).
   It affects your intelligence (+4).
   It protects you from cold.
   It lets you turn invisible.
 P - an amulet of harm (around neck)
Wands
 f - a wand of flame (22/48)
 k - a wand of flame (2/48)
 l - a wand of digging (9/24)
 q - a wand of random effects (27/48)
 t - a wand of random effects (27/48)
 w - a wand of confusion (41/48)
 x - a wand of clouds (1/9)
 E - a wand of polymorph (7/24)
 H - a wand of iceblast (6/15)
 I - a wand of iceblast (8/15)
 J - a wand of flame (32/48)
 Q - a wand of acid (2/15)
Scrolls
 d - a scroll of fear
 g - 4 scrolls of teleportation
 j - 11 scrolls of remove curse
 o - a scroll of fog
 r - 3 scrolls of recharging
 s - a scroll of magic mapping
 C - a scroll of holy word
 D - 2 scrolls of immolation
 M - a scroll of blinking
 S - a scroll of silence
Potions
 c - a potion of heal wounds
 e - 13 potions of curing
 n - 3 potions of agility
 p - a potion of ambrosia
 v - 2 potions of resistance
 B - 3 potions of flight
 F - a potion of magic
 G - a potion of might
 R - a potion of cure mutation
Miscellaneous
 L - a phial of floods
 O - a phial of floods
Comestibles
 a - 10 meat rations
 b - 16 chunks of flesh
 h - 9 royal jellies


   Skills:
 + Level 13.2 Fighting
 + Level 16.2 Dodging
 + Level 17.4 Stealth
 + Level 13.4 Unarmed Combat
 + Level 2.8 Evocations


You had 12 spell levels left.
You didn't know any spells.

Dungeon Overview and Level Annotations

Branches:
Dungeon (14/15)            Temple (0/1) D:7            Lair (6/6) D:9
 Shoals (0/4) Lair:4       Spider (0/4) Lair:2        Slime (0/5) Lair:5
    Orc (2/2) D:9             Elf (0/3) Orc:2
 Vaults: D:13-14

Altars:
Nemelex Xobeh

Shops:
D:12 ?   Orc:2 [(*:


Innate Abilities, Weirdness & Mutations

You cannot wear armour.
You are incapable of wielding weapons or throwing items.
Your paws allow you to move quietly. (Stealth)
You have sharp claws.
You have razor-sharp teeth.
You have supernaturally acute eyesight. (SInv)
You are carnivorous and can eat meat at any time.
You cover ground quickly.
Your thick and shaggy fur keeps you warm. (AC +3, rC+)
You have a slow metabolism.
Your sharp claws are effective at attacking unaware monsters.


Message History

The orc knight goes into a battle-frenzy!
The orc high priest shouts!
You claw the orc knight! You claw the orc knight.
The orc knight is moderately wounded.
You mangle the orc knight!! Your bite misses the orc knight.
The orc knight is almost dead.
The orc knight completely misses you.
You scratch the orc knight but do no damage.
The orc knight is almost dead.
The orc high priest mumbles some strange prayers to Beogh.
You closely miss the orc knight.
You bite the orc knight, but do no damage.
The orc knight is almost dead.
The orc knight hits you with a battleaxe!!
* * * LOW HITPOINT WARNING * * *
You scratch the orc knight but do no damage.
The orc knight is almost dead.
The orc knight hits you with a battleaxe!!!
Ouch! That really hurt!
You die...

.....)...[<...................▒..
...P.....[[.....▒.............▒..
...............▒▒..▒..P.....P....
...............▒...$.............
...........)..▒▒▒...............▒
...............▒.▒▒▒........▒..▒.
.....[.)...)P......o3..P...P.....
...>.......P.........P...........
................@o....P..........
........P........................
.........P......P.P...8..∩.....▒▒
.............∩................P.▒
.....▒▒.P..8......P.............▒
.▒.▒▒▒▒...P..P.....▒▒P...........
▒▒▒▒ ▒..........[.▒▒.P...)......
...▒▒▒▒.......PP..▒▒▒▒▒..P)......
..o▒<▒.......P.....▒.▒▒..........


You could see an orc warlord, an orc knight and a sun demon.

Vanquished Creatures
  Gastronok (D:8)
  3 dire elephants (Lair:6)
  Erica (D:9)
  Harold (Lair:1)
  9 hydras
  An anaconda (Lair:6)
  2 death yaks
  3 two-headed ogres
  5 orc high priests (Orc:2)
  3 orc knights
  A manticore (D:11)
  4 elephants (Lair:6)
  Joseph (D:8)
  The ghost of Vesto the Skirmisher, a novice HOFi (D:5)
  Psyche (D:12)
  3 black mambas
  17 spiny frogs
  An efreet (D:13)
  2 rime drakes
  6 komodo dragons
  8 trolls
  6 polar bears (Lair:3)
  5 blink frogs (Lair:6)
  3 jumping spiders (Lair:2)
  4 dream sheep (Lair:5)
  10 hippogriffs
  4 redbacks (Lair:2)
  A spriggan (D:7)
  Sigmund (D:5)
  49 yaks
  2 vampires
  3 wyverns
  Eustachio (D:5)
  2 basilisks
  3 wargs
  Duvessa (D:7)
  17 water moccasins
  6 porcupines
  10 black bears
  22 orc warriors
  A sky beast (D:8)
  2 phantoms
  3 ice beasts
  An eye of draining (D:12)
  4 wolves
  12 ogres
  13 crocodiles
  8 centaurs
  5 big kobolds
  18 bullfrogs
  A wyvern zombie (D:12)
  A wyvern skeleton (D:14)
  4 scorpions
  Dowan (D:7)
  13 killer bees
  An electric eel (Lair:6)
  6 howler monkeys
  7 crimson imps
  A quasit (D:11)
  2 bullfrog zombies
  2 centaur zombies
  6 jellies
  5 hounds
  14 orc priests
  2 centaur skeletons
  20 orc wizards
  Crazy Yiuf (D:2)
  3 bullfrog skeletons
  3 iguanas
  15 worker ants
  A hound zombie (D:11)
  A howler monkey zombie (D:9)
  2 worker ant zombies
  13 adders
  A shadow imp (D:8)
  5 oozes
  An adder skeleton (D:8)
  An adder zombie (D:8)
  8 worms
  3 dart slugs
  8 leopard geckos
  64 orcs
  3 ball pythons
  7 bats
  3 giant cockroaches
  9 hobgoblins
  A jackal (D:11)
  2 quokkas
  5 frilled lizards
  8 goblins
  A jackal skeleton (D:8)
  29 kobolds
  A leopard gecko skeleton (D:4)
  3 rats
  3 plants (Lair:6)
582 creatures vanquished.

Vanquished Creatures (collateral kills)
  A dire elephant (Lair:6)
  A hydra (Lair:3)
  A komodo dragon (Lair:3)
  6 dream sheep (Lair:4)
  An orc priest (Orc:2)
10 creatures vanquished.

Vanquished Creatures (others)
  11 fungi
  6 plants
17 creatures vanquished.

Grand Total: 609 creatures vanquished

Notes
Turn   | Place    | Note
-------+----------+-------------------------------------------
     0 | D:1      | Lahna the Felid Berserker began the quest for the Orb.
     0 | D:1      | Reached XP level 1. HP: 10/10 MP: 2/2
   239 | D:1      | Reached XP level 2. HP: 14/14 MP: 3/3
   992 | D:2      | Reached skill level 1 in Stealth
   992 | D:2      | Reached XP level 3. HP: 17/17 MP: 4/4
  1540 | D:2      | Reached XP level 4. HP: 22/22 MP: 5/5
  1559 | D:2      | Reached ** piety under Trog
  1559 | D:2      | Reached skill level 2 in Stealth
  2054 | D:2      | Found a runed door.
  2058 | D:2      | Noticed Crazy Yiuf
  2067 | D:2      | Killed Crazy Yiuf
  2269 | D:2      | Reached XP level 5. HP: 21/25 MP: 6/6
  2999 | D:3      | Found a sparkling altar of Nemelex Xobeh.
  3057 | D:3      | Reached skill level 3 in Stealth
  4255 | D:4      | Noticed an ogre
  4259 | D:4      | Slain by an ogre
  4260 | D:4      | Reached XP level 4. HP: -1/33 MP: 5/5
  4289 | D:4      | Reached XP level 5. HP: 12/25 MP: 6/6
  4764 | D:4      | Reached skill level 5 in Fighting
  4764 | D:4      | Reached skill level 4 in Stealth
  4885 | D:4      | Killed an ogre
  4885 | D:4      | Reached skill level 5 in Unarmed Combat
  4885 | D:4      | Gained mutation: You are covered in thick fur. (AC +2) [Felid growth]
  4885 | D:4      | Reached XP level 6. HP: 30/30 MP: 7/7
  4982 | D:4      | Reached *** piety under Trog
  5159 | D:5      | Entered Level 5 of the Dungeon
  5204 | D:5      | Noticed Eustachio
  5205 | D:5      | Noticed Sigmund
  5208 | D:5      | Killed Eustachio
  5208 | D:5      | Reached skill level 5 in Dodging
  5208 | D:5      | Reached skill level 5 in Stealth
  5211 | D:5      | Killed Sigmund
  5211 | D:5      | Reached XP level 7. HP: 34/34 MP: 8/8
  5231 | D:5      | Noticed Vesto's ghost (novice HOFi)
  5655 | D:5      | Killed Vesto's ghost
  5655 | D:5      | Reached skill level 6 in Stealth
  5927 | D:5      | Reached XP level 8. HP: 34/38 MP: 9/9
  6437 | D:6      | Reached skill level 7 in Stealth
  7150 | D:7      | Reached skill level 8 in Stealth
  7153 | D:7      | Reached **** piety under Trog
  7301 | D:7      | Reached XP level 9. HP: 32/43 MP: 10/10
  7728 | D:7      | Found a sand-covered staircase.
  7979 | D:7      | Found a staircase to the Ecumenical Temple.
  7979 | D:7      | Noticed Duvessa
  7980 | D:7      | Noticed Dowan
  7983 | D:7      | Killed Dowan
  7990 | D:7      | Killed Duvessa
  8661 | D:8      | Reached skill level 9 in Stealth
  9180 | D:8      | HP: 2/44 [poisoned by a killer bee]
  9186 | D:8      | HP: 1/44 [poisoned by a killer bee]
  9624 | D:8      | Reached skill level 10 in Stealth
  9643 | D:8      | Reached ***** piety under Trog
  9674 | D:8      | Noticed Gastronok
  9685 | D:8      | HP: 1/66 [Gastronok (35)]
  9687 | D:8      | Killed Gastronok
  9687 | D:8      | Reached skill level 10 in Dodging
  9687 | D:8      | Reached XP level 10. HP: 2/49 MP: 11/11
 10319 | D:8      | Reached skill level 11 in Stealth
 10367 | D:8      | Noticed Joseph
 10416 | D:8      | Killed Joseph
 10616 | D:8      | Noticed a two-headed ogre
 10626 | D:8      | Killed a two-headed ogre
 11057 | D:9      | Found a flagged portal.
 11113 | D:9      | Found a staircase to the Lair.
 11506 | D:9      | Found a staircase to the Orcish Mines.
 11806 | D:9      | Noticed Erica
 11824 | D:9      | Killed Erica
 11824 | D:9      | Reached XP level 11. HP: 53/53 MP: 12/12
 11986 | Orc:1    | Entered Level 1 of the Orcish Mines
 12069 | Orc:1    | Noticed an orc knight
 12138 | Lair:1   | Entered Level 1 of the Lair of Beasts
 12183 | Lair:1   | Reached skill level 12 in Stealth
 12277 | Lair:1   | Noticed Harold
 12286 | Lair:1   | Killed Harold
 12751 | Lair:1   | Reached skill level 10 in Unarmed Combat
 13357 | Lair:2   | Reached skill level 10 in Fighting
 13368 | Lair:2   | Reached skill level 13 in Stealth
 13379 | Lair:2   | HP: 1/54 [jumping spider (17)]
 13379 | Lair:2   | Slain by a jumping spider
 13380 | Lair:2   | Reached XP level 10. HP: -4/51 MP: 0/11
 13603 | Orc:1    | Killed an orc knight
 13949 | Orc:1    | Reached ****** piety under Trog
 14218 | Orc:1    | Reached XP level 11. HP: 54/54 MP: 10/12
 14577 | Orc:2    | Entered Level 2 of the Orcish Mines
 14577 | Orc:2    | Found a staircase to the Elven Halls.
 14577 | Orc:2    | Noticed an orc high priest
 14579 | Orc:2    | Found Feadugh's Antique Armour Shop.
 14583 | Orc:2    | Noticed an orc high priest
 14695 | Lair:2   | Found a hole to the Spider Nest.
 15305 | Lair:2   | Noticed a four-headed hydra
 15315 | Lair:2   | Killed a four-headed hydra
 16205 | Lair:3   | Reached skill level 14 in Stealth
 16276 | Lair:3   | Noticed a seven-headed hydra
 16290 | Lair:3   | Killed a seven-headed hydra
 16592 | Lair:3   | Noticed an eight-headed hydra
 16732 | Lair:3   | Killed an eight-headed hydra
 17124 | Lair:3   | Gained mutation: Your thick and shaggy fur keeps you warm. (AC +3, rC+) [Felid growth]
 17124 | Lair:3   | Reached XP level 12. HP: 40/60 MP: 11/13
 17576 | Lair:3   | Noticed a seven-headed hydra
 17583 | Lair:3   | Killed a six-headed hydra
 17693 | Lair:4   | Noticed a death yak
 17697 | Lair:4   | Noticed a death yak
 17763 | Lair:3   | Killed a death yak
 18043 | Lair:4   | Killed a death yak
 18348 | Lair:4   | Found a staircase to the Shoals.
 18354 | Lair:4   | Reached skill level 15 in Stealth
 18400 | Lair:4   | Noticed a four-headed hydra
 18413 | Lair:4   | Killed a four-headed hydra
 18508 | Lair:4   | Noticed a four-headed hydra
 18517 | Lair:4   | Killed a four-headed hydra
 18965 | Lair:4   | Noticed a five-headed hydra
 18973 | Lair:4   | Killed a five-headed hydra
 19562 | Lair:5   | Found a staircase to the Slime Pits.
 20249 | Lair:6   | Entered Level 6 of the Lair of Beasts
 20372 | Lair:5   | Noticed a seven-headed hydra
 20388 | Lair:6   | Reached XP level 13. HP: 64/64 MP: 14/14
 21564 | Lair:5   | Reached skill level 16 in Stealth
 21857 | Lair:6   | Reached skill level 15 in Dodging
 21858 | Lair:6   | Noticed a dire elephant
 21858 | Lair:6   | Noticed a dire elephant
 21869 | Lair:6   | Noticed a dire elephant
 21875 | Lair:6   | Killed a dire elephant
 21901 | Lair:6   | Noticed a dire elephant
 21909 | Lair:6   | Noticed a dire elephant
 22168 | Lair:6   | Killed a dire elephant
 22291 | Lair:5   | Slain by a seven-headed hydra
 22292 | Lair:5   | Reached XP level 12. HP: 0/61 MP: 0/13
 22416 | Lair:6   | Mangled by a dire elephant
 22417 | Lair:6   | Reached XP level 11. HP: -8/85 MP: 0/12
 22496 | Lair:6   | Noticed a five-headed hydra
 22538 | Lair:6   | Killed a five-headed hydra
 22718 | Lair:6   | Killed a dire elephant
 22730 | Lair:6   | Got a coiled lapis lazuli ring
 22738 | Lair:6   | Identified the ring of Peto {+Inv rC+ Str+2 Int+4} (You found it on level 6 of the Lair of Beasts)
 23107 | Lair:6   | Killed a dire elephant
 23512 | D:10     | Entered Level 10 of the Dungeon
 23526 | D:10     | Reached XP level 12. HP: 61/61 MP: 13/13
 24621 | D:11     | You fall through a shaft for 3 floors!
 24705 | D:13     | Noticed a two-headed ogre
 24710 | D:13     | Killed a two-headed ogre
 24798 | D:12     | Noticed Psyche
 24800 | D:12     | Killed Psyche
 24942 | D:12     | Found Naesiur's Magic Scroll Shoppe.
 24948 | D:12     | Bought a scroll of identify for 30 gold pieces
 24948 | D:12     | Bought a scroll of identify for 30 gold pieces
 25147 | D:12     | Noticed an eight-headed hydra
 25154 | D:12     | Killed an eight-headed hydra
 25206 | D:12     | Reached skill level 17 in Stealth
 25810 | D:11     | Noticed an eight-headed hydra
 25815 | D:11     | Killed an eight-headed hydra
 26055 | D:11     | Noticed a two-headed ogre
 26063 | D:11     | Killed a two-headed ogre
 26640 | Orc:2    | Killed an orc high priest
 26640 | Orc:2    | Reached skill level 1 in Evocations
 26640 | Orc:2    | Reached XP level 13. HP: 66/66 MP: 14/14
 27285 | Orc:2    | Found Oskutile's Antique Weapon Shoppe.
 27298 | Orc:2    | Found Nukause's Book Shop.
 28085 | Orc:2    | Found Voffi's General Store.
 28085 | Orc:2    | Noticed an orc warlord
 28112 | Orc:2    | Demolished by an orc knight

Vault maps used:
D:1:      roderic_chinese_lattice_arrival, minmay_misc_feat_tower,
          hangedman_abyss_or_decor_lesser_grid
D:2:      uniq_crazy_yiuf_cottage
D:3:      first_bread, nemelex_diamond_rough_becter
D:5:      uniq_sigmund, uniq_eustachio
D:6:      black_bear_nest_1
D:7:      temple_green, enter_ossuary_3, minivault_25, the_bakery, uniq_duvessa
D:8:      uniq_gastronok, uniq_joseph
D:9:      lair_entry_dummy, erik_orc_4, enter_bailey_2, uniq_erica
D:10:     nicolae_zen_rock_garden
D:12:     serial_shops, shop, uniq_psyche
D:13:     david_vaults_4, lab_entry_generic, uniq_kirke
D:14:     nicolae_dithmenos_through_a_glass_darkly
Lair:1:   uniq_harold
Lair:2:   nicolae_spider_entry_tight_spaces
Lair:3:   beast_lair_carwin_large_4, infiniplex_staircase_pool_2
Lair:4:   shoals_dummy_entry, beast_lair_carwin_6
Lair:5:   nicolae_slime_entry_slimehenge
Lair:6:   due_jungle_book, serial_bayou_shore_a
Orc:2:    grunt_orc_gardens, grunt_orc_garden, grunt_orc_garden,
          grunt_orc_garden, grunt_orc_garden

Skill      XL: |  1  2  3  4  5  6  7  8  9 10 11 12 13 |
---------------+----------------------------------------+-----
Stealth        | 1 2 4 5 6 8 10 11 14 17 16 | 17.4
Fighting       | 4 5 6 7 8 9 11 13 12 | 13.2
Unarmed Combat | 4 5 6 7 8 9 11 13 | 13.4
Dodging        | 5 6 8 10 11 13 16 15 | 16.2
Evocations     | 1 2 |  2.8

Action                   |  1- 3 |  4- 6 |  7- 9 | 10-12 | 13-15 || total
-------------------------+-------+-------+-------+-------+-------++-------
Melee: Unarmed           |    72 |   180 |   333 |  1053 |   352 ||  1990
       Bite              |     5 |    26 |    39 |   128 |    50 ||   248
       Punch             |     1 |     9 |    11 |    78 |    31 ||   130
Invok: Berserk           |     1 |     9 |    11 |    25 |     8 ||    54
       Burn Spellbooks   |       |       |     1 |     2 |       ||     3
       Brothers in Arms  |       |       |       |     3 |     1 ||     4
Evoke: Wand              |       |       |       |    11 |       ||    11
  Use: Scroll            |       |     2 |     6 |    20 |       ||    28
       Potion            |       |     1 |     4 |     1 |       ||     6
 Stab: Sleeping          |     3 |    10 |    16 |    81 |     4 ||   114
       Distracted        |       |     1 |       |    10 |     2 ||    13
  Eat: Chunk             |     9 |    19 |    19 |    69 |    16 ||   132
Armor: Skin              |     3 |       |    19 |    34 |    11 ||    67
Dodge: Dodged            |    63 |   103 |   384 |  1068 |   333 ||  1951
